 Dungeon Crawl Stone Soup version 0.22-a0-305-gd21a89c (webtiles) character file.

2260128 kuniqs the Slayer (level 26, 273/273 HPs)
             Began as a Deep Dwarf Fighter on Mar 28, 2018.
             Was the Champion of Makhleb.
             Escaped with the Orb
             ... and 3 runes on Mar 29, 2018!
             The game lasted 01:28:53 (40076 turns).

kuniqs the Slayer (Deep Dwarf Fighter)             Turns: 40076, Time: 01:28:54

Health: 273/273    AC: 43    Str: 37    XL:     26   Next: 36%
Magic:  6/6        EV: 23    Int: 10    God:    Makhleb [******]
Gold:   6334       SH: 36    Dex: 14    Spells: 25/25 levels left

rFire    + + +     SeeInvis +   D - +8 broad axe (antimagic)
rCold    + + .     Gourm    .   z - +10 large shield of Ignorance {rN+ Int-4}
rNeg     + + +     Faith    .   E - +6 gold dragon scales
rPois    +         Spirit   .   c - +3 crown of Dyrovepreva {rElec Int+2 SInv}
rElec    +         Reflect  .   k - +2 cloak {rC+}
rCorr    .         Harm     .   i - +2 pair of gloves {Str+3}
MR       +++++     Clarity  +   X - +2 pair of boots
Stlth    ..........             L - amulet of the Four Winds {rN+ MR+++ Clar}
HPRegen  0.00/turn              g - ring "Wyekaru" {rF+ rN+ EV+5}
MPRegen  0.10/turn              r - ring "Hogim" {+Fly rF+ Str+5 SInv}

@: non-regenerating
A: damage resistance, heal wounds, horns 1, thin skeletal structure 1, berserk
1, blurry vision 1, low mp 1, magic resistance 1, negative energy resistance 1,
sense surroundings 3, screaming 1, no regeneration
0: Orb of Zot
}: 3/15 runes: decaying, silver, gossamer
a: Heal Wounds, Minor Destruction, Lesser Servant of Makhleb, Major Destruction,
Greater Servant of Makhleb, Renounce Religion, Evoke Flight


You escaped.
You worshipped Makhleb.
Makhleb was exalted by your worship.
You were not hungry.

You visited 10 branches of the dungeon, and saw 50 of its levels.
You visited the Abyss 3 times.
You also visited: Sewer, Ossuary and Ice Cave.

You collected 6544 gold pieces.
You spent 210 gold pieces at shops.

Inventory:

Hand Weapons
 D - a +8 antimagic broad axe (weapon)
Armour
 c - the +3 crown of Dyrovepreva (worn) {rElec Int+2 SInv}
   (You found it on level 3 of the Elven Halls)

   It affects your intelligence (+2).
   It insulates you from electricity.
   It lets you see invisible.
 i - a +2 pair of gloves of strength (worn)
 k - a +2 cloak of cold resistance (worn)
 z - the +10 large shield of Ignorance (worn) {rN+ Int-4}
   (You took it off Louise on level 1 of the Spider Nest)

   It affects your intelligence (-4).
   It protects you from negative energy.
 E - +6 gold dragon scales (worn)
 X - a +2 pair of boots (worn)
Jewellery
 g - the ring "Wyekaru" (left hand) {rF+ rN+ EV+5}
   (You took it off a centaur warrior on level 15 of the Dungeon)

   [ring of evasion]

   It affects your evasion (+5).
   It protects you from fire.
   It protects you from negative energy.
 r - the ring "Hogim" (right hand) {+Fly rF+ Str+5 SInv}
   (You found it on level 13 of the Dungeon)

   [ring of flight]

   It affects your strength (+5).
   It protects you from fire.
   It lets you see invisible.
   It lets you fly.
 L - the amulet of the Four Winds (around neck) {rN+ MR+++ Clar}
   (You took it off a yaktaur captain on level 5 of the Vaults)

   [amulet of nothing]

   It protects you from negative energy.
   It affects your resistance to hostile enchantments.
   It protects you against confusion.
Wands
 j - a wand of polymorph (8)
 m - a wand of iceblast (41)
 B - a wand of acid (12)
 F - a wand of flame (125)
 J - a wand of digging (59)
 M - a wand of paralysis (25)
 P - a wand of disintegration (29)
Scrolls
 e - 7 scrolls of fog
 l - 3 scrolls of silence
 n - 2 scrolls of holy word
 o - 15 scrolls of teleportation
 p - 2 scrolls of magic mapping
 q - 7 scrolls of fear
 t - 10 scrolls of blinking
 w - 27 scrolls of remove curse {@r2}
 y - 5 scrolls of immolation
 C - 10 scrolls of identify {@r1}
 T - 2 scrolls of summoning
Potions
 b - 5 potions of ambrosia
 d - 6 potions of might
 h - 7 potions of heal wounds
 s - 7 potions of flight
 u - 7 potions of haste
 v - 20 potions of curing {@q1}
 x - 2 potions of resistance
 A - 3 potions of berserk rage
 G - 5 potions of agility
 H - 3 potions of invisibility
 Q - 3 potions of mutation
 S - a potion of cancellation
Comestibles
 f - 71 rations


   Skills:
 + Level 23.1 Fighting
 - Level 21.2 Axes
 - Level 20.0 Armour
 - Level 20.0 Dodging
 - Level 20.0 Shields
 - Level 14.0 Invocations


You had 25 spell levels left.
You didn't know any spells.

Dungeon Overview and Level Annotations

Branches:
Dungeon (15/15)            Temple (1/1) D:4            Lair (6/6) D:10
  Swamp (4/4) Lair:4       Spider (4/4) Lair:2        Slime (0/5) Lair:6
    Orc (2/2) D:9             Elf (3/3) Orc:2        Vaults (5/5) D:14
  Crypt (0/3) Vaults:2     Depths (5/5) D:15            Zot (5/5) Depths:5

Altars:
Ashenzari
Cheibriados
Dithmenos
Elyvilon
Fedhas
Gozag
Hepliaklqana
Kikubaaqudgha
Makhleb
Nemelex Xobeh
Okawaru
Qazlal
Ru
Sif Muna
Trog
Uskayaw
Vehumet
Wu Jian
Yredelemnul
Zin
The Shining One
Beogh

Shops:
D:9 %   Orc:2 *=([   Vaults:1 [   Vaults:3 [   Vaults:4 [([   Depths:1 [
Depths:2 }==

Portals:
Hell: Depths:2 Depths:4
Abyss: Depths:1

Annotations:
D:13 2 runed doors
Lair:5 exclusion: 4 oklob plants
Swamp:4 Lernaean hydra
Elf:2 5 runed doors


Innate Abilities, Weirdness & Mutations

You are resistant to damage.
You can heal yourself by infusing magical energy.
You resist negative energy. (rN+)
You passively map a large area around you.
You do not regenerate.
You have a pair of small horns on your head.
You have a somewhat thin skeletal structure. (Dex +2, Stealth)
You tend to lose your temper in combat.
Scrolls take you a little longer to read.
Your magical capacity is low. (-10% MP)
You are resistant to hostile enchantments. (MR+)
You occasionally shout uncontrollably at your foes.


Message History

You kill the smoke demon!
Makhleb accepts your kill.
You hit the hellwing but do no damage. You chop the hellwing into pieces!!!
You kill the hellwing!
Makhleb accepts your kill.
No target in view!
No target in view!
No target in view!
No target in view!
No target in view!
No target in view!
No target in view!
(D) Dungeon (T) Temple (L) Lair (S) Swamp (N) Spider Nest (M) Slime Pits (O) Orcish Mines (E) Elven Halls (V) Vaults (C) Crypt (U) Depths (H) Hell (Z) Zot
Where to? (Enter - D:1 @ (x,y), ? - help)
There is a staircase leading out of the dungeon here.
You have escaped!

....#.....# ##.#
###########
....#.....# #..#
#.........#
....#.....# #.##
#.........#
..........###.##
#.........#
...............#
#.........#
....###........#
#.........# ...##
###......#
#.........# ..##
##....#####
#(........# ###
#...##.@.#
#####.##### .#
#.#.##...## #.# .#
#.###P...P# #.# .#
#.# ##...## #.# .##
#.# #P...P# ##.# ..#
#.# ##...## #..#
..### #.# #P...P#
#.## ....# #.#
##...## #.#
.#..######.###P...P#
#.#


There were no monsters in sight!

Vanquished Creatures
  A pandemonium lord (D:5)
  Mara (Depths:2)
  An orb of fire (Zot:5)
  4 ancient liches
  Saint Roka (Vaults:4)
  A Killer Klown (Zot:5)
  5 golden dragons
  Arachne (Spider:2)
  11 tentacled monstrosities
  23 Orb Guardians
  A Hell Sentinel (D:5)
  5 titans
  2 liches
  2 deep elf blademasters (Elf:3)
  Asterion (Spider:2)
  3 quicksilver dragons
  2 sphinxes (Vaults:5)
  2 tentacled starspawn
  4 death cobs (Zot:1)
  6 shadow dragons
  Agnes (Spider:2)
  2 thorn hunters
  4 draconian monks
  12 storm dragons
  Donald (Elf:3)
  7 tengu reavers (Vaults:5)
  10 frost giants
  8 fire giants
  The ghost of vishdafish the Warrior, a journeyman OgFi of Nemelex Xobeh (Orc:2)
  2 iron dragons (Vaults:5)
  3 ghost moths
  2 draconian knights
  9 emperor scorpions
  7 deep elf sorcerers
  An angel (Zot:3)
  12 vault wardens
  Louise (Spider:1)
  2 cacodemons (D:5)
  4 deep elf elementalists
  3 draconian shifters
  A draconian annihilator (Zot:3)
  2 war gargoyles (Vaults:5)
  13 ironheart preservers
  25 very ugly things
  4 green draconians
  3 vampire knights
  2 entropy weavers
  21 stone giants
  7 deep elf demonologists
  3 black draconians
  A dire elephant (Lair:6)
  3 purple draconians
  A yellow draconian (Zot:3)
  5 deep elf annihilators
  4 red draconians
  8 white draconians
  A lorocyproca (Abyss:2)
  2 eidola
  8 ettins
  A crystal guardian (D:15)
  A green death (Abyss:5)
  Josephine (Swamp:1)
  2 blizzard demons
  9 deep elf death magi
  4 deep elf high priests
  A quicksilver dragon zombie (Vaults:5)
  3 great orbs of eyes
  9 fire dragons
  15 yaktaur captains
  25 vault guards
  21 hydras
  3 rakshasas
  Harold (Lair:4)
  9 ice dragons
  A spriggan air mage (Depths:5)
  5 death knights
  2 catoblepae
  A merfolk avatar (Lair:6)
  15 centaur warriors
  12 dancing weapons
  5 ogre magi
  6 alligators
  33 two-headed ogres
  3 deep troll earth magi
  2 deep troll shamans
  18 thrashing horrors
  A vampire mage (Depths:3)
  2 soul eaters
  A wretched star (Abyss:2)
  2 shadow wraiths
  7 sun demons
  5 skeletal warriors (D:11)
  27 deep elf knights
  A fire crab (D:13)
  8 spriggans
  5 hell knights (Abyss:2)
  5 sixfirhies
  8 iron trolls (Zot:1)
  8 small abominations
  A sea snake (shapeshifter) (Vaults:5)
  A sea snake (Lair:6)
  25 deep trolls
  An unseen horror (D:13)
  2 unseen horrors (shapeshifter)
  2 shadow demons
  7 wizards
  A deep troll (shapeshifter) (Elf:2)
  5 shambling mangroves
  16 swamp dragons
  12 ironbrand convokers
  4 phantasmal warriors
  2 flayed ghosts
  3 glowing orange brains
  21 orc knights
  A tengu zombie (Vaults:2)
  An obsidian statue (Depths:2)
  10 deep elf archers
  15 harpies
  10 necromancers
  52 deep elf magi
  40 ugly things
  6 cyclopes
  5 orc sorcerers
  14 orb spiders
  32 wolf spiders
  An oklob plant (D:10)
  3 manticores (D:15)
  16 moths of wrath
  A shining eye (shapeshifter) (Vaults:2)
  A moth of wrath (shapeshifter) (Elf:1)
  An elephant (shapeshifter) (Depths:2)
  2 guardian serpents (shapeshifter)
  A fire giant skeleton (Depths:1)
  11 large abominations
  A sphinx skeleton (Depths:1)
  15 vault sentinels
  5 black mambas
  2 ice statues (IceCv)
  9 elephants
  4 torpor snails
  A rust devil (D:8)
  A black mamba (shapeshifter) (Vaults:2)
  20 spiny frogs
  A kobold demonologist (D:15)
  A gargoyle (D:13)
  4 orange demons
  A spiny frog (shapeshifter) (Vaults:2)
  28 yaktaurs
  5 smoke demons
  A hellion (D:5)
  6 rime drakes
  10 komodo dragons
  2 redback zombies (D:15)
  7 efreet
  2 yaktaurs (shapeshifter)
  11 freezing wraiths
  14 ice devils
  An entropy weaver simulacrum (Vaults:1)
  6 demonic crawlers
  A troll (shapeshifter) (Depths:1)
  An ancient zyme (Abyss:5)
  2 hellwings (D:1)
  A tengu conjurer (D:15)
  2 red devils (Depths:2)
  21 jumping spiders
  12 tyrant leeches
  3 meliai (D:15)
  2 polar bears (shapeshifter)
  A queen bee (shapeshifter) (Vaults:1)
  14 trolls
  4 polar bears
  2 blink frogs (shapeshifter)
  26 blink frogs
  A hornet (shapeshifter) (Vaults:5)
  30 hornets
  A wolf spider simulacrum (D:13)
  A snapping turtle (shapeshifter) (Vaults:5)
  6 raiju (Abyss:5)
  12 dream sheep
  10 bog bodies
  2 dream sheep (shapeshifter)
  15 slime creatures
  13 hippogriffs
  A spriggan skeleton (Depths:1)
  4 flying skulls
  An ettin skeleton (Vaults:5)
  4 air elementals
  3 shadows
  2 human simulacra (Vaults:2)
  80 redbacks
  3 tarantellas (shapeshifter)
  The ghost of Sergey the Chiller, an amateur VSIE of Ru (D:9)
  24 yaks
  A centaur simulacrum (D:13)
  2 water elementals (Elf:1)
  4 ynoxinuls
  3 basilisks
  42 tarantellas
  3 wyverns
  4 hogs (D:7)
  A human (shapeshifter) (D:15)
  2 steam dragons
  A human (D:7)
  2 golden eyes (Abyss:2)
  10 wraiths
  3 fire elementals
  Edmund (D:6)
  23 vampire mosquitoes
  14 swamp worms
  Menkaure (D:4)
  2 yaktaur simulacra (Vaults:5)
  10 insubstantial wisps
  10 wargs
  5 acid dragons
  A soldier ant (D:13)
  A human zombie (Depths:1)
  A water moccasin (shapeshifter) (Vaults:5)
  9 water moccasins
  9 porcupines
  3 hell hounds (D:3)
  54 orc warriors
  Duvessa (D:4)
  2 eyes of draining (shapeshifter)
  3 sky beasts
  8 swamp drakes
  A black bear (D:7)
  5 ice beasts
  A necrophage (D:10)
  2 eyes of draining
  A phantom (D:5)
  3 wolves (Lair:6)
  An ogre (shapeshifter) (Elf:2)
  19 boggarts
  17 ogres
  16 centaurs
  9 crocodiles
  2 big kobolds
  5 elf zombies
  5 bullfrogs
  A wyvern zombie (D:13)
  8 earth elementals
  A human skeleton (Vaults:2)
  A wyvern skeleton (D:13)
  A scorpion (D:7)
  Dowan (D:4)
  A hornet simulacrum (D:15)
  5 killer bees
  A wight (D:15)
  4 centaur zombies
  2 electric eels (Spider:1)
  17 crimson imps
  11 starcursed masses (Abyss:2)
  2 quasits (Abyss:2)
  A bullfrog zombie (D:13)
  6 centaur skeletons
  4 hounds
  A bullfrog skeleton (D:8)
  13 jellies (Lair:6)
  Crazy Yiuf (D:4)
  17 orc priests
  4 iguanas
  Terence (D:3)
  Jessica (D:2)
  19 orc wizards
  12 worker ants
  A big kobold zombie (Ossuary)
  2 mummies (Ossuary)
  A worker ant zombie (D:9)
  A howler monkey skeleton (D:4)
  A howler monkey zombie (D:6)
  8 adders
  11 gnolls
  A river rat (D:3)
  9 shadow imps
  5 white imps
  10 ufetubi (IceCv)
  2 oozes
  4 adder zombies
  3 worms
  A dart slug (D:2)
  10 leopard geckos
  100 orcs
  5 ball pythons
  4 giant cockroaches
  6 goblins
  4 hobgoblins
  8 jackals
  20 kobolds
  13 quokkas
  6 bats
  3 frilled lizards
  2 goblin zombies (Ossuary)
  11 hobgoblin zombies (Ossuary)
  A jackal skeleton (D:7)
  9 kobold zombies (Ossuary)
  3 leopard gecko skeletons
  8 orc zombies (Ossuary)
  A quokka skeleton (D:5)
  7 rats
  A rat zombie (Ossuary)
  4 crawling corpses
  2 fungi
  A lurking horror (Abyss:5)
  4 plants
  3 starspawn tentacles
2116 creatures vanquished.

Vanquished Creatures (collateral kills)
  The ghost of Nib the Warrior, an adept DsGl of Okawaru (Elf:3)
  Fannar (D:11)
  3 dancing weapons (Elf:3)
  A deep elf archer (Elf:3)
  A deep elf mage (Elf:3)
  A moth of wrath (Spider:2)
  A water elemental (Elf:3)
9 creatures vanquished.

Vanquished Creatures (others)
  2 deep elf master archers (Elf:3)
  An emperor scorpion (Spider:4)
  A deep elf demonologist (Elf:1)
  A yaktaur captain (Vaults:5)
  A hydra (Swamp:4)
  2 centaur warriors (D:15)
  A dancing weapon (Elf:3)
  A deep elf knight (Elf:2)
  A sixfirhy (D:5)
  An unseen horror (D:15)
  2 deep elf archers
  A necromancer (Vaults:5)
  2 deep elf magi (Elf:1)
  2 moths of wrath (Zot:1)
  A cyclops (Vaults:2)
  A vault sentinel (Vaults:4)
  9 yaktaurs
  A hippogriff (D:14)
  A neqoxec (D:5)
  A swamp worm (Depths:2)
  2 orc warriors
  A swamp drake (Swamp:4)
  2 boggarts
  4 centaurs
  An orc priest (Elf:1)
  2 white imps (IceCv)
  2 ufetubi (IceCv)
  10 orcs
  6 fungi
  5 plants
  6 starspawn tentacles
74 creatures vanquished.

Grand Total: 2199 creatures vanquished

Notes
Turn   | Place    | Note
-------+----------+-------------------------------------------
     0 | D:1      | kuniqs the Deep Dwarf Fighter began the quest for the Orb.
     0 | D:1      | Reached XP level 1. HP: 20/20 MP: 1/1
   112 | D:1      | Reached XP level 2. HP: 27/27 MP: 2/2
   521 | D:2      | Reached skill level 1 in Dodging
   565 | D:2      | Reached XP level 3. HP: 26/33 MP: 3/3
   661 | D:2      | Reached skill level 3 in Fighting
   694 | D:2      | Noticed Jessica
   702 | D:2      | Killed Jessica
   927 | D:2      | Found a faded altar of an unknown god.
  1047 | D:3      | Noticed Terence
  1058 | D:3      | Killed Terence
  1058 | D:3      | Reached XP level 4. HP: 31/42 MP: 4/4
  1283 | D:3      | Found a glowing drain.
  1291 | Sewer    | Entered a sewer
  1345 | Sewer    | Reached XP level 5. HP: 45/49 MP: 5/5
  1472 | D:3      | Found a white marble altar of Elyvilon.
  1831 | D:4      | Noticed Duvessa
  1831 | D:4      | Noticed Dowan
  1887 | D:4      | Killed Dowan
  1899 | D:4      | Reached XP level 6. HP: 56/57 MP: 6/6
  1984 | D:4      | Found a glowing silver altar of Zin.
  2027 | D:4      | Found a staircase to the Ecumenical Temple.
  2035 | Temple   | Entered the Ecumenical Temple
  2194 | Temple   | Became a worshipper of Makhleb the Destroyer
  2273 | D:4      | Noticed Menkaure
  2274 | D:4      | Killed Duvessa
  2274 | D:4      | Reached skill level 1 in Invocations
  2282 | D:4      | Killed Menkaure
  2282 | D:4      | Reached skill level 4 in Fighting
  2282 | D:4      | Reached XP level 7. HP: 56/64 MP: 6/8
  2536 | D:4      | Found a runed door.
  2540 | D:4      | Noticed Crazy Yiuf
  2597 | D:4      | Killed Crazy Yiuf
  2597 | D:4      | Reached skill level 5 in Shields
  2621 | D:5      | Entered Level 5 of the Dungeon
  2698 | D:5      | Reached skill level 5 in Armour
  2749 | D:5      | Found a blossoming altar of Fedhas.
  2803 | D:5      | Found a sand-covered staircase.
  2813 | Ossuary  | Entered an ossuary
  2879 | Ossuary  | Reached * piety under Makhleb
  3255 | D:5      | Reached ** piety under Makhleb
  3353 | D:5      | Found a hide-covered altar of Uskayaw.
  3358 | D:5      | Reached skill level 6 in Fighting
  3358 | D:5      | Reached XP level 8. HP: 75/76 MP: 6/13
  3758 | D:6      | Gained mutation: You passively map the area around you. [Deep Dwarf growth]
  3758 | D:6      | Reached XP level 9. HP: 82/82 MP: 14/14
  3940 | D:6      | Found a hazy altar of Hepliaklqana.
  3953 | D:6      | Found a white marble altar of Elyvilon.
  4270 | D:6      | Got a jewelled buckler
  4273 | D:6      | Noticed Edmund
  4292 | D:6      | Killed Edmund
  4392 | D:7      | Reached *** piety under Makhleb
  4703 | D:7      | Reached XP level 10. HP: 92/92 MP: 16/16
  4708 | D:7      | Found an ornate altar of the Wu Jian Council.
  4925 | D:7      | Found an iron altar of Okawaru.
  5743 | D:8      | Found an opulent altar of Gozag.
  5805 | D:9      | Found a deep blue altar of Sif Muna.
  5867 | D:9      | Reached **** piety under Makhleb
  5961 | D:9      | Reached skill level 7 in Fighting
  5965 | D:9      | Identified the cursed +0 buckler of Tender Moments {rN++} (You found it on level 6 of the Dungeon)
  6099 | D:9      | Noticed Sergey's ghost (amateur VSIE)
  6111 | D:9      | Killed Sergey's ghost
  6248 | D:9      | Found a staircase to the Orcish Mines.
  6327 | D:9      | Found a sacrificial altar of Ru.
  6431 | D:9      | Found Qipt's Food Boutique.
  6456 | D:10     | Entered Level 10 of the Dungeon
  6483 | D:10     | Noticed a two-headed ogre
  6494 | D:10     | Killed a two-headed ogre
  6614 | D:10     | Noticed an oklob plant
  6627 | D:10     | Found a staircase to the Lair.
  6754 | D:10     | Reached ***** piety under Makhleb
  6858 | D:10     | Noticed a two-headed ogre
  6868 | D:10     | Killed a two-headed ogre
  7012 | D:10     | Reached XP level 11. HP: 94/100 MP: 17/17
  7215 | D:10     | Killed an oklob plant
  7244 | D:11     | Noticed a skeletal warrior
  7272 | Lair:1   | Entered Level 1 of the Lair of Beasts
  7511 | Lair:1   | Noticed Sonja
  7532 | Lair:1   | Noticed Sonja
  7532 | Lair:1   | Sonja changed into Sonja the hornet
  7544 | Lair:1   | Killed Sonja the hornet
  7623 | Lair:1   | Noticed an eight-headed hydra
  7638 | Lair:1   | Killed an eight-headed hydra
  7997 | Lair:2   | Reached skill level 8 in Fighting
  8007 | Lair:2   | Reached skill level 10 in Invocations
  8235 | Lair:2   | Found a hole to the Spider Nest.
  8235 | Lair:2   | Noticed an orb spider
  8237 | Lair:2   | an orb spider changed into a spiny frog
  8773 | Lair:3   | Reached skill level 10 in Armour
  8823 | Lair:3   | Reached XP level 12. HP: 63/111 MP: 16/16
  8929 | Lair:3   | Reached skill level 10 in Shields
  9737 | Lair:4   | Noticed a seven-headed hydra
  9759 | Lair:4   | Killed a seven-headed hydra
  9759 | Lair:4   | Reached skill level 10 in Axes
  9972 | Lair:4   | Found a staircase to the Swamp.
 10171 | Lair:4   | Reached skill level 9 in Fighting
 10374 | Lair:4   | Noticed an eight-headed hydra
 10375 | Lair:4   | Noticed Harold
 10394 | Lair:4   | Killed an eight-headed hydra
 10394 | Lair:4   | Reached skill level 10 in Dodging
 10409 | Lair:4   | Killed Harold
 10788 | Lair:5   | Noticed a six-headed hydra
 10797 | Lair:5   | Killed a six-headed hydra
 10797 | Lair:5   | Reached XP level 13. HP: 87/121 MP: 17/17
 11536 | Lair:6   | Entered Level 6 of the Lair of Beasts
 11620 | Lair:6   | Reached ****** piety under Makhleb
 12125 | Lair:6   | Found a staircase to the Slime Pits.
 12587 | Lair:6   | Got a pair of crude gloves
 12604 | Lair:6   | Noticed a dire elephant
 12637 | Lair:6   | Killed a dire elephant
 13041 | Orc:1    | Entered Level 1 of the Orcish Mines
 13178 | Orc:1    | Reached skill level 10 in Fighting
 13437 | Orc:2    | Entered Level 2 of the Orcish Mines
 13437 | Orc:2    | Found a staircase to the Elven Halls.
 13494 | Orc:2    | Gained mutation: You resist negative energy. (rN+) [Deep Dwarf growth]
 13494 | Orc:2    | Reached XP level 14. HP: 103/132 MP: 18/18
 13698 | Orc:2    | Found a roughly hewn altar of Beogh.
 14180 | Orc:2    | Found a roughly hewn altar of Beogh.
 14190 | Orc:2    | Found Ulid's Jewellery Emporium.
 14190 | Orc:2    | Found Ysucsac's General Store.
 14297 | Orc:2    | Found Kidates's Armour Emporium.
 14297 | Orc:2    | Found Guzo's Weapon Boutique.
 14404 | Orc:2    | Noticed vishdafish's ghost (journeyman OgFi)
 14463 | Orc:2    | Killed vishdafish's ghost
 15057 | D:11     | Noticed Fannar
 15066 | D:11     | Noticed a balrug
 15315 | D:11     | Noticed a cacodemon
 15442 | D:11     | Killed Fannar
 15761 | D:12     | Identified the +0 pair of gloves of Gravitas {rC+} (You found it on level 6 of the Lair of Beasts)
 16523 | D:13     | Found a runed door.
 16530 | D:13     | Found a runed door.
 16536 | D:13     | Found a runed door.
 16613 | D:13     | Reached XP level 15. HP: 86/140 MP: 5/16
 17029 | D:13     | Found a runed door.
 17082 | D:13     | Got a slimy granite ring
 17085 | D:13     | Got a translucent brass ring
 17325 | D:14     | Reached skill level 11 in Fighting
 17487 | D:14     | Found a shadowy altar of Dithmenos.
 17569 | D:14     | Identified the ring of the Trilobite {*Corrode rElec rF+ Str+3 SInv} (You found it on level 13 of the Dungeon)
 17862 | D:14     | Found a gate to the Vaults.
 17965 | D:15     | Entered Level 15 of the Dungeon
 18086 | D:15     | Found a shattered altar of Ashenzari.
 18086 | D:15     | Found a glowing golden altar of the Shining One.
 18087 | D:15     | Found a hide-covered altar of Uskayaw.
 18212 | D:15     | Found a staircase to the Depths.
 18689 | D:15     | Reached XP level 16. HP: 145/152 MP: 5/17
 18815 | D:15     | Identified the ring "Hogim" {+Fly rF+ Str+5 SInv} (You found it on level 13 of the Dungeon)
 18912 | D:15     | Noticed a storm dragon
 18936 | D:15     | Killed a storm dragon
 18961 | D:15     | Got a vibrating platinum ring
 19579 | Swamp:1  | Entered Level 1 of the Swamp
 19684 | Swamp:1  | Identified the ring "Wyekaru" {rF+ rN+ EV+5} (You took it off a centaur warrior on level 15 of the Dungeon)
 19795 | Swamp:1  | Reached skill level 12 in Fighting
 19989 | Swamp:1  | Noticed Josephine
 20015 | Swamp:1  | Killed Josephine
 21099 | Swamp:3  | Found a transporter.
 21202 | Swamp:3  | Found a transporter.
 21285 | Swamp:3  | Got a translucent copper amulet
 21306 | Swamp:3  | Got a brightly glowing iron ring
 21620 | Swamp:3  | Got an encrusted quick blade
 21839 | Swamp:4  | Entered Level 4 of the Swamp
 21850 | Swamp:4  | Got a pair of translucent gloves
 21878 | Swamp:4  | Found a frozen archway.
 21915 | IceCv    | Entered an ice cave
 21927 | IceCv    | Identified the cursed -4 pair of gloves of Izuorev {rF- rC+ Int+7 Stlth+} (You found it on level 4 of the Swamp)
 21940 | IceCv    | Identified the amulet of Zosoduy {Fragile +Rage rElec Dex+3} (You found it on level 3 of the Swamp)
 21944 | IceCv    | Identified the ring "Ihunyfes" {*Drain +Fly Int+10 Dex+4} (You found it on level 3 of the Swamp)
 21951 | IceCv    | Identified the +8 quick blade "Tuagiy" {drain, rPois Int-2 Dex+8 SInv} (You found it on level 3 of the Swamp)
 22393 | Swamp:4  | Noticed a thorn hunter
 22406 | Swamp:4  | Killed a thorn hunter
 22406 | Swamp:4  | Reached XP level 17. HP: 150/162 MP: 6/18
 22753 | Swamp:4  | Got a decaying rune of Zot
 22863 | Swamp:4  | Paralysed by a hornet for 2 turns
 22980 | Swamp:4  | Noticed the 27-headed Lernaean hydra
 23201 | Spider:1 | Entered Level 1 of the Spider Nest
 23336 | Spider:1 | Noticed Louise
 23357 | Spider:1 | Reached skill level 15 in Armour
 23406 | Spider:1 | Cast into level 3 of the Abyss (Louise)
 23407 | Abyss:3  | Found a corrupted altar of Lugonu.
 23444 | Spider:1 | Escaped the Abyss
 23458 | Spider:1 | Killed Louise
 23963 | Spider:2 | Noticed Agnes
 23996 | Spider:2 | Killed Agnes
 23996 | Spider:2 | Reached skill level 13 in Fighting
 24054 | Spider:2 | Noticed Arachne
 24055 | Spider:2 | Reached skill level 15 in Shields
 24079 | Spider:2 | Killed Arachne
 24125 | Spider:2 | Noticed Asterion
 24140 | Spider:2 | Killed Asterion
 24492 | Spider:3 | Reached skill level 15 in Axes
 24678 | Spider:3 | Found a runed door.
 25051 | Spider:3 | Reached skill level 15 in Dodging
 25058 | Spider:3 | Got a brightly glowing chain mail
 25081 | Spider:3 | Gained mutation: You passively map a large area around you. [Deep Dwarf growth]
 25081 | Spider:3 | Reached XP level 18. HP: 171/171 MP: 6/18
 25149 | Spider:4 | Entered Level 4 of the Spider Nest
 25295 | Spider:4 | Identified the +6 chain mail "Lodgh" {rC++ Stlth+} (You found it on level 3 of the Spider Nest)
 25308 | Spider:4 | Identified 2 scrolls of acquirement
 26193 | Spider:4 | Got a gossamer rune of Zot
 26499 | Elf:1    | Entered Level 1 of the Elven Halls
 27508 | Elf:2    | Found a huge runed gate.
 27508 | Elf:2    | Found a huge runed gate.
 27508 | Elf:2    | Found a huge runed gate.
 27511 | Elf:2    | Found a huge runed gate.
 27511 | Elf:2    | Found a huge runed gate.
 27571 | Elf:2    | Reached skill level 14 in Fighting
 27861 | Elf:2    | Reached XP level 19. HP: 182/182 MP: 6/19
 28115 | Elf:3    | Entered Level 3 of the Elven Halls
 28115 | Elf:3    | Noticed Nib's ghost (adept DsGl)
 28175 | Elf:3    | Killed Nib's ghost
 28429 | Elf:3    | Found an ancient bone altar of Kikubaaqudgha.
 28499 | Elf:3    | Noticed Donald
 28520 | Elf:3    | Killed Donald
 28826 | Elf:3    | Noticed a Brimstone Fiend
 28859 | Elf:3    | Cast into level 2 of the Abyss (a deep elf sorcerer)
 29136 | Abyss:2  | Paralysed by accursed screaming for 1 turns
 29253 | Abyss:2  | Paralysed by accursed screaming for 1 turns
 29293 | Elf:3    | Escaped the Abyss
 29333 | Elf:3    | Noticed a Tzitzimitl
 29552 | Elf:3    | Found the +3 crown of Dyrovepreva {rElec Int+2 SInv}
 29929 | Vaults:1 | Entered Level 1 of the Vaults
 30468 | Vaults:1 | Reached XP level 20. HP: 193/193 MP: 6/20
 30553 | Vaults:1 | Found Ididwieqidd's Armour Boutique.
 31307 | Vaults:2 | Reached skill level 15 in Fighting
 31565 | Vaults:2 | Found a staircase to the Crypt.
 32177 | Vaults:2 | Gained mutation: Your body sometimes deteriorates upon taking damage. [a shining eye]
 32178 | Vaults:2 | Gained mutation: You occasionally shout uncontrollably at your foes. [a shining eye]
 32867 | Vaults:3 | Found Leiri's Antique Armour Shoppe.
 33622 | Vaults:4 | Reached XP level 21. HP: 200/202 MP: 7/21
 33831 | Vaults:4 | Found Hugeoz's Antique Armour Shop.
 33831 | Vaults:4 | Found Jial's Weapon Shop.
 34222 | Vaults:4 | Found a flickering gateway to a bazaar.
 34458 | Vaults:4 | Noticed Saint Roka
 34492 | Vaults:4 | Killed Saint Roka
 34721 | Vaults:4 | Found Qomisug's Antique Armour Shop.
 34729 | Vaults:4 | Bought a pair of runed gloves for 210 gold pieces
 34963 | Vaults:5 | Entered Level 5 of the Vaults
 34998 | Vaults:5 | Noticed an ancient lich
 35036 | Vaults:5 | Killed an ancient lich
 35047 | Vaults:5 | Reached skill level 16 in Fighting
 35265 | Vaults:5 | Noticed a golden dragon
 35284 | Vaults:5 | Reached XP level 22. HP: 214/214 MP: 7/22
 35289 | Vaults:5 | Killed a golden dragon
 36153 | Vaults:5 | Identified the Grimoire of Orientation and Black Rites
 36268 | Vaults:5 | Identified the +0 pair of gloves "Wexe" {Stlth+} (You found it on level 5 of the Vaults)
 36352 | Vaults:5 | Noticed an ancient lich
 36367 | Vaults:5 | Killed an ancient lich
 36400 | Vaults:5 | Got an ancient golden ring
 36470 | Vaults:5 | Got a silver rune of Zot
 36472 | Vaults:5 | Identified the ring "Kuaqowk" {rElec rF+} (You took it off a tengu reaver on level 5 of the Vaults)
 36730 | Depths:1 | Entered Level 1 of the Depths
 36784 | Depths:1 | Reached skill level 17 in Fighting
 36846 | Depths:1 | Found a shattered altar of Ashenzari.
 36870 | Depths:1 | Found Rej Ocaz's Antique Armour Shoppe.
 36891 | Depths:1 | Reached XP level 23. HP: 224/224 MP: 7/23
 37106 | Depths:1 | Found a one-way gate to the infinite horrors of the Abyss.
 37371 | Depths:2 | Noticed Mara
 37394 | Depths:2 | Noticed kuniqs's illusion
 37413 | Depths:2 | Killed Mara
 37483 | Depths:2 | Reached XP level 24. HP: 218/234 MP: 6/23
 37741 | Depths:2 | Found a gateway to Hell.
 37784 | Depths:2 | Found Wozxapn's Gadget Shoppe.
 37784 | Depths:2 | Found Qoghoz's Jewellery Shop.
 37785 | Depths:2 | Found Soylit's Jewellery Shop.
 38014 | Depths:5 | Entered Level 5 of the Depths
 38047 | Depths:5 | Found a gate to the Realm of Zot.
 38065 | Depths:5 | Reached skill level 18 in Fighting
 38105 | Zot:1    | Entered Level 1 of the Realm of Zot
 38294 | Zot:1    | Reached skill level 19 in Fighting
 38455 | Zot:1    | Reached XP level 25. HP: 249/249 MP: 7/23
 38635 | Zot:3    | Reached skill level 20 in Fighting
 38728 | Zot:5    | Entered Level 5 of the Realm of Zot
 38868 | Zot:5    | Noticed an orb of fire
 38889 | Zot:5    | Killed an orb of fire
 38889 | Zot:5    | Reached skill level 21 in Fighting
 38906 | Zot:5    | Noticed an ancient lich
 38924 | Zot:5    | Killed an ancient lich
 38936 | Zot:5    | Noticed an ancient lich
 38957 | Zot:5    | Killed an ancient lich
 39011 | Zot:5    | Cast into level 5 of the Abyss (a Zot trap)
 39011 | Abyss:5  | Entered Level 5 of the Abyss
 39011 | Abyss:5  | Found a corrupted altar of Lugonu.
 39012 | Abyss:5  | Found a corrupted altar of Lugonu.
 39127 | Abyss:5  | Reached skill level 22 in Fighting
 39179 | Abyss:5  | Reached XP level 26. HP: 270/270 MP: 7/23
 39192 | Zot:5    | Escaped the Abyss
 39252 | Zot:5    | Got the Orb of Zot
 39849 | D:5      | Gained mutation: You have a somewhat thin skeletal structure. (Dex +2, Stealth) [a neqoxec]
 39850 | D:5      | Gained mutation: You are frail. (-10% HP) [a neqoxec]
 39851 | D:5      | Gained mutation: You are clumsy. (Dex -2) [a neqoxec]
 39852 | D:5      | Gained mutation: You tend to lose your temper in combat. [a neqoxec]
 39882 | D:5      | Noticed Pesch the pandemonium lord
 39926 | D:5      | Gained mutation: Your magical capacity is low. (-10% MP) [a cacodemon]
 39932 | D:5      | Gained mutation: Scrolls take you a little longer to read. [a cacodemon]
 39944 | D:5      | Killed Pesch the pandemonium lord
 39944 | D:5      | Reached skill level 23 in Fighting
 39952 | D:5      | Lost mutation: You are clumsy. (Dex -2) [potion of mutation]
 39952 | D:5      | Lost mutation: Your body sometimes deteriorates upon taking damage. [potion of mutation]
 39952 | D:5      | Lost mutation: You are frail. (-10% HP) [potion of mutation]
 39952 | D:5      | Gained mutation: You are resistant to hostile enchantments. (MR+) [potion of mutation]
 39952 | D:5      | Gained mutation: You have a pair of small horns on your head. [potion of mutation]
 40076 | D:$      | Escaped with the Orb!

Vault maps used:
D:1:      minmay_arrival_plants_in_alcoves
D:2:      chequers_ecumenical_altar_grove, uniq_jessica
D:3:      wad_woods_stonehenge, gup_sewer_entry_bubbles,
          kennysheep_decorative_pillar, minmay_cupped, uniq_terence
D:4:      nicolae_overflow_crystal_walls, minmay_temple_entry_large_hall,
          uniq_menkaure, uniq_duvessa, uniq_crazy_yiuf_cottage
D:5:      overflow_temple_1_default, lemuel_round_altar, first_ration,
          lightli_ossuary_entry_decrepit_ruins
D:6:      amethyst_overflow_temple_binary, uniq_edmund
D:7:      lemuel_crystal_altar, okawaru_altar_gauntlet_db, grunt_livestock,
          minmay_misc_feat_doors
D:8:      grunt_gozag_statues
D:9:      nicolae_ru_the_path_less_chosen, lemuel_crystal_altar, orc_0_dummy,
          serial_shops, nicolae_shop_behind_doors
D:10:     dpeg_oklobed_lair
D:11:     uniq_fannar
D:13:     minmay_the_grid_triangle_9x9_rhombus_full_mashed
D:14:     david_vaults_1, nicolae_dithmenos_shadow_blocks
D:15:     hangedman_slaughterboxes, serial_shops
Temple:   nicolae_temple_figure_eight
Lair:1:   uniq_sonja
Lair:2:   nicolae_spider_entry_orb_guardian, grunt_megastairs_5
Lair:3:   grunt_megastairs_3
Lair:4:   minmay_swamp_entry_worms, serial_bayou_shore_b, uniq_harold
Lair:5:   grunt_megastairs_4, minmay_lair_oklob_chamber
Lair:6:   gammafunk_lair_ancient_temple, minmay_slime_entry_jelly_boxes
Swamp:1:  evilmike_swamp_ruin_rubble_2, uniq_josephine
Swamp:2:  serial_swamp_ruin, evilmike_swamp_ruin_house_6,
          evilmike_swamp_ruin_house_5, evilmike_swamp_ruin_house_2
Swamp:3:  gammafunk_its_a_trap, evilmike_swamp_ruin_house_1
Swamp:4:  swamp_old_school, portal_ice_cave_entry_dragon
Spider:1: uniq_louise
Spider:2: uniq_agnes, uniq_asterion, uniq_arachne
Spider:3: cheibrodos_spider_deadly_dance
Spider:4: grunt_spider_rune_circles, nicolae_spider_cling_ruins
Orc:2:    st_orc_town, basic_altar
Elf:1:    eino_elf_arrival_the_gate, orc_legates
Elf:2:    minmay_elf_necromancy, basic_stair_grate_trap
Elf:3:    elf_hall_gauntlet_narrow, basic_altar, uniq_donald
Vaults:1: nicolae_vaults_big_ls, hangedman_vaults_capsules,
          nicolae_vaults_rhombus_5, vaults_room_semicircle, vaults_room_pool,
          vaults_room_semicircle, vaults_dpeg_hooks,
          nicolae_vaults_sealed_display, serial_shops, shop
Vaults:2: hangedman_vaults_stagger, st_spiral_rooms,
          minmay_crypt_entry_simple_round, ontoclasm_vaults_claustrophobia,
          ontoclasm_vaults_eye, vaults_room_door_hall,
          ontoclasm_vaults_ring_large, serial_ice_m, v_misc_12, v_misc_12,
          vaults_room_door_hall, nicolae_vaults_little_ls,
          nicolae_vaults_shelves_hall
Vaults:3: hangedman_vaults_cutoff, v_misc_3, hangedman_vaults_snaps,
          ontoclasm_vaults_idyll, vaults_mumra_bighexcomb,
          nicolae_vaults_network_star, vaults_dpeg_encased_lava,
          nicolae_vaults_mini_display_case, vaults_mumra_minichess,
          vaults_room_stairs_pillars, nicolae_vaults_angled_halls, v_misc_24,
          nicolae_vaults_ring_of_whatevers, grunt_vaults_hallway_long,
          serial_shops, nicolae_shop_trees
Vaults:4: hangedman_vaults_hard_town_square, v_rooms_2, grunt_vaults_funnel,
          vaults_room_ringed_pool, v_rooms_4, ontoclasm_vaults_spin,
          ontoclasm_vaults_shuriken, v_misc_10, nicolae_vaults_little_squares_5,
          serial_shops, bzr_entry_customers, uniq_saint_roka
Depths:1: grunt_hell_entry_dis_mu, lemuel_statue_altar, serial_shops,
          nicolae_shop_stone, nicolae_abyss_entry_one_way_or_another,
          ashenzari_altar_1
Depths:2: onia_ninara_swampy_vault, hangedman_decor_diamond_cutter, abyss_entry,
          grunt_hell_entry_demonic_statue, enter_trove_5, pan_entry,
          infiniplex_staircase_pool_1, minmay_shop_grove, uniq_mara, uniq_sojobo
Depths:3: minmay_outward_triangles, rand_demon_pan_entry_7, hell_entry,
          nrook_uturn, minmay_acid_items, infiniplex_staircase_squiggle,
          uniq_margery
Depths:4: grated_community_mu, hell_entry, minmay_room_of_horrors,
          minmay_misc_feat_ornament
Depths:5: grunt_zot_entry_funnels, enter_ziggurat_c,
          pf_vacation_house_of_asmodeus, abyss_entry, basic_stair_grate_trap,
          uniq_jory, uniq_xtahua, uniq_mennas
Zot:1:    lemuel_halls_of_wrath
Zot:3:    kennysheep_ambush_hall, hangedman_zot_decor_slant,
          st_small_dragon_hoard_2, basic_stair_grate_trap
Abyss:2:  minivault_25_ag
Abyss:3:  evilmike_abyss_rune_siren_acolytes
Abyss:5:  hangedman_stitches_earthworm,
          evilmike_nicolae_abyss_rune_containment_curve, evilmike_abyss_exit_16
Sewer:    sewer_co_purgy_island
Ossuary:  ossuary_tomb_1
IceCv:    ice_cave_small_demon

Skill      XL: |  1  2  3  4  5  6  7  8  9 10 11 12 13 14 15 16 17 18 19 20 21 22 23 24 25 26 |
---------------+-------------------------------------------------------------------------------+-----
Dodging        | 1 2 3 6 7 8 9 10 11 12 13 14 15 16 17 18 19 20 | 20.0
Fighting       | 3 4 6 7 8 9 10 11 12 13 14 15 16 17 19 22 23 | 23.1
Axes           | 3 4 7 8 9 10 11 12 13 14 15 16 17 18 19 21 | 21.2
Shields        | 4 7 8 9 10 11 12 13 14 15 16 17 18 19 20 | 20.0
Armour         | 4 7 8 9 10 11 12 13 14 15 16 17 18 19 20 | 20.0
Invocations    | 1 7 8 9 10 11 12 13 14 | 14.0

Action                   |  1- 3 |  4- 6 |  7- 9 | 10-12 | 13-15 | 16-18 | 19-21 | 22-24 | 25-27 || total
-------------------------+-------+-------+-------+-------+-------+-------+-------+-------+-------++-------
Melee: War axe           |   110 |       |    11 |       |       |       |       |       |       ||   121
       Morningstar       |       |   178 |   329 |   974 |  1380 |       |       |       |       ||  2861
       Broad axe         |       |       |       |       |   610 |  2101 |  1813 |  1301 |   740 ||  6565
       Scimitar          |       |       |       |       |    17 |    97 |       |       |       ||   114
       Headbutt          |       |       |       |       |       |       |       |       |     2 ||     2
Invok: Minor Destruction |       |       |       |       |    21 |       |       |       |       ||    21
       Major Destruction |       |       |       |       |     4 |       |       |       |       ||     4
       Greater Servant o |       |       |       |       |     3 |     2 |     1 |       |       ||     6
       Lesser Servant of |       |       |       |       |     1 |       |       |       |       ||     1
 Abil: Heal Wounds       |       |     3 |       |    20 |    23 |     8 |     4 |       |       ||    58
Evoke: Wand              |       |       |       |    34 |    12 |       |       |    14 |     5 ||    65
  Use: Scroll            |       |     5 |     6 |     7 |    12 |    18 |     7 |     5 |     7 ||    67
       Potion            |       |       |     2 |     1 |     5 |     2 |     4 |     1 |     7 ||    22
 Stab: Distracted        |       |       |       |       |     1 |     2 |     5 |       |       ||     8
       Petrifying        |       |       |       |       |     1 |     1 |       |       |       ||     2
       Confused          |       |       |       |       |       |     1 |       |       |       ||     1
  Eat: Chunk             |     1 |     4 |     5 |    22 |    28 |    31 |    23 |     5 |       ||   119
       Ration            |       |       |     1 |       |     1 |     1 |     1 |     5 |     1 ||    10
Armor: Chain mail        |    80 |   103 |   218 |   675 |   186 |    65 |       |       |       ||  1327
       Scale mail        |     2 |       |       |       |       |       |       |       |       ||     2
       Plate armour      |       |       |       |       |   737 |   275 |       |       |       ||  1012
       Swamp dragon scal |       |       |       |       |       |   209 |       |       |       ||   209
       Gold dragon scale |       |       |       |       |       |   124 |   352 |   330 |   186 ||   992
Dodge: Dodged            |    25 |    59 |   153 |   597 |  1174 |  1313 |   420 |   525 |   229 ||  4495
Block: Shield            |    68 |    98 |   237 |   802 |  2169 |  1243 |       |       |       ||  4617
       Reflection        |       |       |       |       |    74 |    48 |   163 |     8 |       ||   293
       Large shield      |       |       |       |       |       |  1699 |  2399 |  1980 |   931 ||  7009
       Rpst.: Scimitar   |       |       |       |       |     1 |    43 |       |       |       ||    44

Table legend:
 A = Spawn XP
 B = Non-spawn XP
 C = Spawn XP percentage of total XP
 D = Spawn monster count
 E = Non-spawn monster count
 F = Spawn count percentage of total count
 G = Total turns spent on level
                    A         B        C        D         E        F      G
               +---------+---------+-------+---------+---------+-------+---------
         Total |   34706 | 1166555 |   2.9 |      61 |    2057 |   2.9 | 40076
               +---------+---------+-------+---------+---------+-------+---------
           D:1 |       0 |      21 |   0.0 |       0 |       9 |   0.0 |   472
           D:2 |       0 |      69 |   0.0 |       0 |      17 |   0.0 |   640
           D:3 |       0 |     149 |   0.0 |       0 |      34 |   0.0 |   721
           D:4 |       0 |     602 |   0.0 |       0 |      15 |   0.0 |   624
           D:5 |       0 |     237 |   0.0 |       0 |       5 |   0.0 |   835
           D:6 |       0 |    1035 |   0.0 |       0 |      29 |   0.0 |   788
           D:7 |       0 |    2135 |   0.0 |       0 |      46 |   0.0 |   822
           D:8 |       0 |     290 |   0.0 |       0 |       5 |   0.0 |   722
           D:9 |       0 |    2645 |   0.0 |       0 |      30 |   0.0 |   814
          D:10 |       0 |    3828 |   0.0 |       0 |      31 |   0.0 |  1202
          D:11 |       0 |    7677 |   0.0 |       0 |      26 |   0.0 |   716
          D:12 |       0 |    1280 |   0.0 |       0 |      19 |   0.0 |   678
          D:13 |       0 |   19119 |   0.0 |       0 |      63 |   0.0 |   957
          D:14 |       0 |   15819 |   0.0 |       0 |      32 |   0.0 |   741
          D:15 |       0 |   42482 |   0.0 |       0 |      82 |   0.0 |  1568
        Lair:1 |       0 |    4819 |   0.0 |       0 |      18 |   0.0 |   720
        Lair:2 |       0 |    4013 |   0.0 |       0 |      12 |   0.0 |   932
        Lair:3 |       0 |    7498 |   0.0 |       0 |      27 |   0.0 |   944
        Lair:4 |       0 |    8631 |   0.0 |       0 |      24 |   0.0 |  1240
        Lair:5 |       0 |    6138 |   0.0 |       0 |      21 |   0.0 |   814
        Lair:6 |       0 |   17364 |   0.0 |       0 |      64 |   0.0 |  1319
       Swamp:1 |       0 |   14921 |   0.0 |       0 |      41 |   0.0 |   847
       Swamp:2 |       0 |    6098 |   0.0 |       0 |      13 |   0.0 |   696
       Swamp:3 |       0 |   11847 |   0.0 |       0 |      39 |   0.0 |   816
       Swamp:4 |       0 |   22858 |   0.0 |       0 |      45 |   0.0 |   841
      Spider:1 |       0 |   17839 |   0.0 |       0 |      54 |   0.0 |   654
      Spider:2 |       0 |   16411 |   0.0 |       0 |      22 |   0.0 |   634
      Spider:3 |       0 |   27943 |   0.0 |       0 |      80 |   0.0 |   670
      Spider:4 |       0 |   33878 |   0.0 |       0 |      66 |   0.0 |  1129
         Orc:1 |       0 |    2653 |   0.0 |       0 |      15 |   0.0 |   384
         Orc:2 |       0 |   20547 |   0.0 |       0 |      89 |   0.0 |  1357
         Elf:1 |       0 |   26404 |   0.0 |       0 |      50 |   0.0 |   925
         Elf:2 |       0 |   27338 |   0.0 |       0 |      48 |   0.0 |   713
         Elf:3 |       0 |   51957 |   0.0 |       0 |      47 |   0.0 |  1202
      Vaults:1 |       0 |   33681 |   0.0 |       0 |      71 |   0.0 |  1300
      Vaults:2 |       0 |   52799 |   0.0 |       0 |     106 |   0.0 |  1347
      Vaults:3 |       0 |   42923 |   0.0 |       0 |      58 |   0.0 |  1077
      Vaults:4 |       0 |   44834 |   0.0 |       0 |      71 |   0.0 |  1432
      Vaults:5 |       0 |  175228 |   0.0 |       0 |     147 |   0.0 |  1540
      Depths:1 |       0 |   24577 |   0.0 |       0 |      32 |   0.0 |   678
      Depths:2 |       0 |   47328 |   0.0 |       0 |      63 |   0.0 |   437
      Depths:3 |       0 |   29745 |   0.0 |       0 |      29 |   0.0 |   182
      Depths:4 |       0 |   19766 |   0.0 |       0 |      12 |   0.0 |    84
      Depths:5 |       0 |   19782 |   0.0 |       0 |      14 |   0.0 |   108
         Zot:1 |       0 |   66723 |   0.0 |       0 |      61 |   0.0 |   402
         Zot:2 |       0 |   16856 |   0.0 |       0 |       7 |   0.0 |    95
         Zot:3 |       0 |   28917 |   0.0 |       0 |      19 |   0.0 |   209
         Zot:4 |       0 |    9073 |   0.0 |       0 |       3 |   0.0 |    52
         Zot:5 |       0 |  113607 |   0.0 |       0 |      46 |   0.0 |   430
       Abyss:2 |   15421 |    3748 |  80.4 |      26 |      16 |  61.9 |   434
       Abyss:5 |   19285 |    4894 |  79.8 |      35 |      10 |  77.8 |   181
         Sewer |       0 |      21 |   0.0 |       0 |       6 |   0.0 |    86
       Ossuary |       0 |     258 |   0.0 |       0 |      39 |   0.0 |   302
         IceCv |       0 |    5250 |   0.0 |       0 |      29 |   0.0 |   344
               +---------+---------+-------+---------+---------+-------+---------
